 Dungeon Crawl Stone Soup version 0.30-a0-778-g2ef04afb54 (webtiles) character file.

Game seed: 16712415814935092785

108352 Jannitor the Fighter (level 17, -11/125 HPs)
             Began as a Djinni Gladiator on Jan 28, 2023.
             Was the Champion of Hepliaklqana.
             Killed from afar by a shock serpent (25 damage)
             ... with a bolt of electricity
             ... on level 3 of the Snake Pit on Feb 15, 2023.
             The game lasted 00:52:28 (23276 turns).

Jannitor the Fighter (Djinni Gladiator)            Turns: 23276, Time: 00:52:29

Health: -11/125    AC: 20    Str: 13    XL:     17   Next: 4%
Gold:   1490       EV: 17    Int: 18    God:    Hepliaklqana [******] SH: 13 Dex: 17

rFire   + + .      SeeInvis .    w - +3 dagger (elec)
rCold   x . .      Faith    .    K - +1 kite shield {AC+3}
rNeg    . . .      Spirit   .    D - +0 troll leather armour
rPois   ∞          Reflect  .    I - +1 helmet
rElec   .          Harm     .    k - +2 cloak
rCorr   .          Rampage  .    C - +0 pair of gloves
Will    +++..                    (boots unavailable)
Stlth   ++++++                   T - amulet of regeneration
HPRegen 2.00/turn                R - ring "Igoolett" {Will+ Int+2 Stlth+}
MPRegen 0.00/turn                m - +4 ring of protection

@: about to teleport, forested, flying, hasted, very quick
A: reduced essence, sickness immunity, fire resistance 2, cold vulnerability 1,
float, innate caster, HP casting, extra vitality 1, strong-willed 1, mutation
resistance 1, robust 1
a: Renounce Religion, Recall Ancestor, Ancestor Identity, Transference, Idealise


You were on level 3 of the Snake Pit.
You worshipped Hepliaklqana.
Hepliaklqana was exalted by your worship.
You visited 4 branches of the dungeon, and saw 25 of its levels.
You also visited: Bailey.

You collected 2701 gold pieces.
You spent 1211 gold pieces at shops.

Inventory:

Hand Weapons
 w - a +3 dagger of electrocution (weapon)
Missiles
 d - 8 throwing nets (quivered)
 v - 36 poisoned darts
Armour
 k - a +2 cloak (worn)
 z - +0 acid dragon scales
 C - a +0 pair of gloves (worn)
 D - a +0 troll leather armour (worn)
 I - a +1 helmet (worn)
 K - a +1 kite shield of protection (worn)
 U - a +2 robe of resistance
Jewellery
 a - a +5 ring of evasion
 g - a ring of willpower
 m - a +4 ring of protection (right hand)
 n - a ring of see invisible
 q - an amulet of the acrobat
 B - a +6 ring of intelligence
 O - a ring of willpower
 Q - a ring of ice
 R - the ring "Igoolett" (left hand) {Will+ Int+2 Stlth+}
   (You found it on level 11 of the Dungeon)

   [ring of willpower]

   Int:       It affects your intelligence (+2).
   Will:      It increases your willpower.
   Stlth:     It makes you more stealthy.
 T - an amulet of regeneration (around neck)
 Z - a +6 ring of strength
Wands
 e - a wand of mindburst (7)
 f - a wand of paralysis (31)
 h - a wand of polymorph (10)
 j - a wand of flame (14)
 x - a wand of roots (12)
 S - a wand of acid (6)
Scrolls
 b - 5 scrolls of poison
 i - 9 scrolls of identify
 l - 9 scrolls of teleportation
 p - 3 scrolls of torment
 E - 4 scrolls of enchant weapon
 H - 3 scrolls of immolation
 L - a scroll of brand weapon
 M - 5 scrolls of enchant armour
 V - 5 scrolls of fog
 W - 2 scrolls of silence
 Y - 3 scrolls of fear
Potions
 c - 6 potions of might
 o - 5 potions of attraction
 r - 2 potions of curing
 s - 9 potions of brilliance
 t - 2 potions of cancellation
 u - 4 potions of mutation
 A - 6 potions of lignification
 F - 3 potions of magic
 G - 3 potions of ambrosia
 J - 4 potions of degeneration
 P - 4 potions of resistance
 X - a potion of haste


   Skills:
 + Level 12.8 Fighting
 + Level 9.3 Short Blades
 - Level 1.6 Throwing
 + Level 9.7 Armour
 + Level 11.1 Dodging
 + Level 11.2 Stealth
 + Level 9.5 Shields
 + Level 9.7 Spellcasting
 + Level 7.4 Invocations
 + Level 3.4 Evocations


You had 4 spell levels left.
You knew the following spells:

 Your Spells              Type           Power      Damage    Failure   Level
a - Kiss of Death         Conj/Necr      100%       2d13      1%          1
b - Ensorcelled Hibernat  Hex/Ice        86%        N/A       1%          2
c - Inner Flame           Hex/Fire       43%        N/A       1%          3
d - Stone Arrow           Conj/Erth      86%        3d12      1%          3
e - Anguish               Hex/Necr       21%        N/A       4%          4
f - Summon Forest         Summ/Tloc      21%        N/A       12%         5
g - Simulacrum            Ice/Necr       21%        N/A       54%         6
h - Dragon Form           Tmut           21%        N/A       98%         7
Your spell library was empty.

Dungeon Overview and Level Annotations

Branches:
Dungeon (15/15)            Temple (0/1) D:6            Lair (5/5) D:10
 Shoals (0/4) Lair:2        Snake (3/4) Lair:2        Slime (0/5) Lair:5
    Orc (2/2) D:11            Elf (0/3) Orc:2        Vaults (0/5) D:14
 Depths (0/4) D:15         Bailey (visited)

Altars:
Ashenzari
Dithmenos
Elyvilon
Fedhas
Hepliaklqana
Makhleb
Qazlal
Uskayaw
Xom
Yredelemnul
Zin
The Shining One
Jiyva

Shops:
D:2 [   D:5 *   D:15 *   Orc:1 ?   Orc:2 [?(=?

Portals:
Abyss: Orc:2

Annotations:
Lair:1 2 transporters, Mandevil's ghost, journeyman HuHu
Lair:5 1 runed translucent door
Snake:3 Mlioglotl
Orc:2 2 transporters, M4edhros's ghost, journeyman OpTm


Innate Abilities, Weirdness & Mutations

Your life essence is reduced to manifest your ancestor. (-10% HP)
You are immune to sickness and miasma.
You are immune to poison.
Your flesh is very heat resistant. (rF++)
You are vulnerable to cold. (rC-)
You float through the air rather than walking.
You learn spells naturally, not from books.
Your magical power is your life essence.
You have superior vitality. (+4 MHP)
You are strong-willed. (Will+)
You are somewhat resistant to further mutation.
You are robust. (+10% HP)


Message History

Found a stone staircase leading up.
The black mamba closely misses you.
There is a stone staircase leading up here.
You stop ascending the stairs.
Your surroundings suddenly seem different.
A black mamba, a naga warrior and a naga come into view.
The black mamba hisses angrily.
A guardian serpent comes into view.
The salamander shoots an arrow.
The arrow hits you but does no damage.
You hear a shout! x2
As you read the scroll of teleportation, it crumbles to dust.
You feel strangely unstable.
You hear a shout!
The salamander shoots an arrow.
The arrow hits you!
* * * LOW HITPOINT WARNING * * *
The arrow burns you.
* * * LOW HITPOINT WARNING * * *
You feel better. You block the black mamba's attack.
The salamander shoots an arrow.
The arrow completely misses you.
You hear a shout!
The black mamba attacks as you move away!
The black mamba bites you but does no damage.
You hear a shout!
The salamander shoots an arrow.
The arrow hits you. The black mamba bites you!
* * * LOW HITPOINT WARNING * * *
The black mamba attacks as you move away!
The black mamba bites you!
* * * LOW HITPOINT WARNING * * *
Your surroundings suddenly seem different. 5 snakes and a naga ritualist come into view.
The anaconda hisses angrily.
The naga ritualist shouts!
The black mamba hisses angrily.
The shock serpent hisses angrily.
The mana viper hisses angrily.
The black mamba hisses angrily.
As you read the scroll of teleportation, it crumbles to dust.
You feel strangely unstable.
You feel better.
The shock serpent shoots out a bolt of lightning at you!
The bolt of electricity hits you!!
* * * LOW HITPOINT WARNING * * *
The bolt of electricity hits you!!
You die...

############
#..........#.
#............
#..........#
#....S.....#.
#....@SSN.SS.
########.....
... . .#. ...
#.. .N. ...


You could see an anaconda, a naga ritualist, a shock serpent, a mana viper and 2
black mambas.

Vanquished Creatures
  3 hydras
  3 vault guards
  Erica (Lair:2)
  2 anacondas (Snake:1)
  A merfolk avatar (Lair:5)
  6 centaur warriors
  5 boulder beetles
  2 two-headed ogres (D:11)
  2 tengu warriors
  A naga sharpshooter (Snake:1)
  A shock serpent (Snake:1)
  Nergalle (Lair:1)
  A skyshark (Lair:4)
  A harpy (Lair:5)
  2 naga ritualists (Snake:1)
  2 wizards
  Pikel (D:7)
  2 mana vipers (Snake:1)
  2 necromancers
  2 cyclopes (D:15)
  12 ugly things
  An orc knight (D:15)
  4 orc sorcerers
  4 salamanders
  A guardian serpent (Snake:1)
  12 elephants
  3 naga magi
  4 manticores
  12 black mambas
  Maggie (D:6)
  A cane toad (Lair:4)
  2 gargoyles (D:13)
  A kobold demonologist (D:10)
  A centaur skeleton (D:15)
  A rime drake (Lair:3)
  6 komodo dragons
  A hornet (Lair:5)
  A wind drake (Lair:5)
  5 trolls
  6 blink frogs (Lair:5)
  2 centaur simulacra (D:15)
  2 snapping turtles (Lair:5)
  Grinder (D:3)
  A shadow (D:13)
  2 wyverns
  2 wraiths
  2 nameless horrors (Orc:1)
  2 water elementals (D:15)
  32 yaks
  A vampire (D:9)
  7 humans
  2 basilisks
  Grum (D:9)
  4 steam dragons
  8 vampire mosquitoes
  3 wargs
  14 nagas
  2 acid dragons
  11 water moccasins
  2 ice beasts (D:7)
  15 orc warriors
  8 ogres
  13 wolves
  A centaur (shapeshifter) (D:15)
  11 centaurs
  17 bullfrogs
  A kobold brigand (D:7)
  A scorpion (D:6)
  A hornet simulacrum (D:15)
  13 wights
  5 killer bees
  An electric eel (D:6)
  A howler monkey (D:4)
  3 jellies
  7 orc priests
  4 hounds
  An iguana (D:4)
  13 orc wizards
  A gnoll (D:13)
  6 adders
  A white imp (D:7)
  A worm (D:3)
  2 dart slugs (D:1)
  34 orcs
  3 bats
  4 endoplasms
  5 giant cockroaches (D:1)
  19 goblins
  8 hobgoblins
  3 jackals
  2 quokkas (D:1)
  5 ball pythons
  4 frilled lizards
  12 kobolds
  8 rats
455 creatures vanquished.

Vanquished Creatures (collateral kills)
  Jorgrun (D:14)
  Agnes (D:14)
  An orc warlord (Orc:2)
  2 vault guards
  4 centaur warriors
  A catoblepas (Lair:5)
  An anaconda (Snake:3)
  3 two-headed ogres
  A naga warrior (Snake:1)
  2 naga sharpshooters (Snake:1)
  An orc high priest (Orc:2)
  A skyshark (Lair:5)
  4 wizards
  2 harpies (Lair:2)
  A mana viper (Snake:2)
  3 manticores
  An orc sorcerer (Orc:1)
  5 ugly things
  4 elephants
  A centaur zombie (D:15)
  3 black mambas
  A naga mage (Snake:1)
  2 cane toads
  A rime drake (Lair:2)
  A komodo dragon (Lair:5)
  A yaktaur (D:14)
  A tengu conjurer (D:15)
  2 hornets
  3 polar bears
  3 wind drakes (Lair:5)
  Prince Ribbit (Bailey)
  3 blink frogs (Lair:5)
  A shadow (D:13)
  2 wyverns
  13 yaks
  A vampire (D:13)
  A wraith (D:13)
  6 basilisks
  6 vampire mosquitoes
  10 humans (D:14)
  An acid dragon (D:12)
  3 wargs
  4 nagas
  2 water moccasins
  A meliai simulacrum (D:15)
  5 orc warriors
  3 ogres
  A wolf (Lair:5)
  8 centaurs
  A lemure (D:7)
  3 bullfrogs (Bailey)
  A gnoll sergeant (D:13)
  A scorpion (D:5)
  2 wights
  A hound (D:6)
  Crazy Yiuf (D:7)
  10 orc priests
  21 orc wizards
  Robin (D:4)
  9 gnolls
  An adder (D:6)
  27 orcs
  5 goblins
  4 kobolds
218 creatures vanquished.

Vanquished Creatures (others)
  A centaur warrior (D:14)
  Lodul (D:10)
  A skyshark (Lair:5)
  An orc knight (Orc:1)
  A komodo dragon (Lair:2)
  3 meliai (D:15)
  2 trolls
  2 hornets (Lair:5)
  A snapping turtle (Lair:5)
  4 orc warriors
  An ogre (D:10)
  A centaur (D:14)
  A lemure (D:7)
  2 orc priests
  4 orc wizards
  15 hexers
  An orc (D:11)
  29 fungi
  56 plants
  11 snaplasher vines
138 creatures vanquished.

Grand Total: 811 creatures vanquished

Notes
Turn   | Place    | Note
-------+----------+-------------------------------------------
     0 | D:1      | Jannitor the Djinni Gladiator began the quest for the Orb.
     0 | D:1      | Reached XP level 1. HP: 18/18 MP: 0/0
   183 | D:1      | Reached XP level 2. HP: 22/23 MP: 0/0
   335 | D:1      | Reached XP level 3. HP: 28/29 MP: 0/0
   335 | D:1      | Learned a level 1 spell: Kiss of Death
   352 | D:1      | Reached skill level 1 in Armour
   415 | D:1      | Found a faded altar of an unknown god.
  1169 | D:2      | Reached XP level 4. HP: 27/34 MP: 0/0
  1198 | D:2      | Found a hazy altar of Hepliaklqana.
  1228 | D:2      | Found Fenac's Antique Armour Shop.
  1236 | D:2      | Bought a buckler for 135 gold pieces
  1622 | D:2      | Upgraded the game from 0.30-a0-722-g3e6e8c874d to
                  | 0.30-a0-777-ga9a30cbeda
  1622 | D:2      | Became a worshipper of Hepliaklqana the Forgotten
  1856 | D:3      | Noticed an ice beast
  1876 | D:3      | Found the +7 Kryia's mail coat {PotionHeal*2 rC+}
  1957 | D:3      | Reached * piety under Hepliaklqana
  2140 | D:3      | Noticed Grinder
  2167 | D:3      | Killed Grinder
  2168 | D:3      | Reached skill level 3 in Fighting
  2168 | D:3      | Reached skill level 1 in Shields
  2168 | D:3      | Reached skill level 1 in Spellcasting
  2168 | D:3      | Reached XP level 5. HP: 18/36 MP: 0/0
  2168 | D:3      | Learned a level 2 spell: Ensorcelled Hibernation
  2168 | D:3      | Reached XP level 6. HP: 21/41 MP: 0/0
  2320 | D:4      | Identified the +4 leather armour "Asoh" {Int+5 Dex-5}
  2760 | D:4      | Noticed Robin
  2824 | D:4      | Killed Robin
  2984 | D:4      | Reached XP level 7. HP: 45/45 MP: 0/0
  2984 | D:4      | Learned a level 3 spell: Inner Flame
  3174 | D:5      | Entered Level 5 of the Dungeon
  3288 | D:5      | Found Kaamiho's Assorted Antiques.
  3310 | D:5      | Bought a scroll labelled OZXEOL SIC QUS for 29 gold pieces
  3310 | D:5      | Bought a scroll labelled OZXEOL SIC QUS for 29 gold pieces
  3412 | D:5      | Reached ** piety under Hepliaklqana
  3413 | D:5      | Remembered your ancestor Wieske as a hexer
  3662 | D:5      | Found a broken altar of Ashenzari.
  3664 | D:5      | Found a white marble altar of Elyvilon.
  3669 | D:5      | Found a glowing silver altar of Zin.
  3670 | D:5      | Found a hide-covered altar of Uskayaw.
  3672 | D:5      | Found a stormy altar of Qazlal.
  3673 | D:5      | Found a burning altar of Makhleb.
  3675 | D:5      | Found a hazy altar of Hepliaklqana.
  3679 | D:5      | Found a shimmering altar of Xom.
  3681 | D:5      | Found a basalt altar of Yredelemnul.
  4181 | D:6      | Reached XP level 8. HP: 22/52 MP: 0/0
  4407 | D:6      | Reached skill level 4 in Fighting
  4407 | D:6      | Reached skill level 5 in Dodging
  4407 | D:6      | Reached skill level 1 in Stealth
  4542 | D:6      | Found a staircase to the Ecumenical Temple.
  4814 | D:6      | Noticed Maggie
  4839 | D:6      | Killed Maggie
  5097 | D:7      | Noticed a wyvern
  5109 | D:7      | Killed a wyvern
  5110 | D:7      | Reached XP level 9. HP: 49/56 MP: 0/0
  5110 | D:7      | Learned a level 3 spell: Stone Arrow
  5110 | D:7      | Found a flagged portal.
  5127 | Bailey   | Entered a bailey
  5127 | Bailey   | Reached *** piety under Hepliaklqana
  5208 | Bailey   | Reached skill level 9 in Fighting
  5208 | Bailey   | Reached XP level 10. HP: 20/71 MP: 0/0
  5215 | Bailey   | Reached skill level 5 in Short Blades
  5467 | Bailey   | Noticed a vault guard
  5473 | Bailey   | Noticed a vault guard
  5474 | Bailey   | Noticed Prince Ribbit
  5475 | Bailey   | Killed a vault guard
  5488 | Bailey   | Killed a vault guard
  5489 | Bailey   | Reached XP level 11. HP: 76/76 MP: 0/0
  5489 | Bailey   | Learned a level 4 spell: Anguish
  5496 | Bailey   | Killed Prince Ribbit
  5921 | D:7      | Noticed Pikel
  5941 | D:7      | Killed Pikel
  5942 | D:7      | Reached skill level 10 in Fighting
  6435 | D:7      | Found a runed translucent door.
  6436 | D:7      | Noticed Crazy Yiuf
  6799 | D:7      | Killed Crazy Yiuf
  6972 | D:8      | Reached skill level 5 in Armour
  7396 | D:8      | Reached skill level 5 in Stealth
  7589 | D:8      | Reached **** piety under Hepliaklqana
  8454 | D:9      | Noticed Grum
  8479 | D:9      | Killed Grum
  8480 | D:9      | Reached skill level 5 in Shields
  8971 | D:10     | Entered Level 10 of the Dungeon
  9059 | D:10     | Found a shadowy altar of Dithmenos.
  9077 | D:10     | Noticed a two-headed ogre
  9082 | D:10     | Killed a two-headed ogre
  9153 | D:10     | Found a blossoming altar of Fedhas.
  9275 | D:10     | Reached XP level 12. HP: 71/82 MP: 0/0
  9390 | D:10     | Found a staircase to the Lair.
  9429 | D:10     | Noticed Lodul
  9448 | D:10     | Killed Lodul
  9756 | D:10     | Noticed a two-headed ogre
  9764 | D:10     | Killed a two-headed ogre
 10018 | D:11     | Noticed a two-headed ogre
 10020 | D:11     | Killed a two-headed ogre
 10094 | D:11     | Reached ***** piety under Hepliaklqana
 10137 | D:11     | Found a staircase to the Orcish Mines.
 10213 | D:11     | Noticed a two-headed ogre
 10227 | D:11     | Killed a two-headed ogre
 10240 | D:11     | Reached skill level 1 in Invocations
 10283 | D:11     | Found a glowing golden altar of the Shining One.
 10415 | D:11     | Identified the ring "Igoolett" {Will+ Int+2 Stlth+}
 11127 | Orc:1    | Entered Level 1 of the Orcish Mines
 11345 | Orc:1    | Reached XP level 13. HP: 39/88 MP: 0/0
 11345 | Orc:1    | Learned a level 5 spell: Summon Forest
 11417 | Orc:2    | Entered Level 2 of the Orcish Mines
 11833 | Orc:2    | Reached skill level 11 in Fighting
 11854 | Orc:2    | HP: 4/87 [ice devil[an orc sorcerer] (28)]
 11915 | Orc:1    | Gained mutation: You are robust. (+10% HP) [potion of
                  | mutation]
 11915 | Orc:1    | Gained mutation: You are strong-willed. (Will+) [potion of
                  | mutation]
 11915 | Orc:1    | Gained mutation: You are somewhat resistant to further
                  | mutation. [potion of mutation]
 12140 | Orc:2    | Found a staircase to the Elven Halls.
 12145 | Orc:2    | Found Zouskyen's Antique Armour Shop.
 12155 | Orc:2    | Bought a pitted leather armour for 189 gold pieces
 12155 | Orc:2    | Identified the +1 leather armour "Hyur" {Slay+2} (You
                  | bought it in a shop on level 2 of the Orcish Mines)
 12155 | Orc:2    | Bought a glowing helmet for 202 gold pieces
 12204 | Orc:2    | Found Ugrius's Magic Scroll Shoppe.
 12204 | Orc:2    | Found Hataovo's Weapon Shoppe.
 12205 | Orc:2    | Found Jigiy's Magic Scroll Emporium.
 12209 | Orc:2    | Found Orha Jah's Jewellery Emporium.
 12212 | Orc:2    | Bought a scroll of blinking for 90 gold pieces
 12212 | Orc:2    | Bought a scroll of enchant armour for 90 gold pieces
 12212 | Orc:2    | Bought a scroll of fog for 48 gold pieces
 12286 | Orc:2    | Found a transporter.
 12302 | Orc:2    | Found a transporter.
 12402 | Orc:2    | Noticed an orc warlord
 12409 | Orc:2    | Noticed an orc warlord
 12424 | Orc:2    | Killed an orc warlord
 12448 | Orc:2    | Found a one-way gate to the infinite horrors of the Abyss.
 12448 | Orc:2    | Noticed M4edhros's ghost (journeyman OpTm)
 12771 | Orc:2    | Upgraded the game from 0.30-a0-777-ga9a30cbeda to
                  | 0.30-a0-778-g2ef04afb54
 12797 | Orc:1    | Found Mykkedon's Magic Scroll Emporium.
 12806 | Orc:1    | Bought a scroll of silence for 133 gold pieces
 12806 | Orc:1    | Bought a scroll of blinking for 105 gold pieces
 12806 | Orc:1    | Bought a scroll of enchant weapon for 105 gold pieces
 12806 | Orc:1    | Bought a scroll of fog for 56 gold pieces
 13053 | Lair:1   | Entered Level 1 of the Lair of Beasts
 13149 | Lair:1   | Noticed Nergalle
 13161 | Lair:1   | Killed Nergalle
 13289 | Lair:1   | Noticed a five-headed hydra
 13296 | Lair:1   | Noticed Mandevil's ghost (journeyman HuHu)
 13505 | Lair:1   | Found a transporter.
 13507 | Lair:1   | Found a transporter.
 14058 | Lair:2   | Reached ****** piety under Hepliaklqana
 14119 | Lair:2   | Noticed Erica
 14188 | Lair:2   | Killed Erica
 14377 | Lair:2   | Found a staircase to the Shoals.
 14390 | Lair:2   | Reached XP level 14. HP: 105/105 MP: 0/0
 14401 | Lair:2   | You are sucked into a shaft and drop 2 floors!
 14728 | Lair:4   | Identified the +2 short sword "Byptiysaegg" {drain, rPois}
 15536 | Lair:2   | Found a staircase to the Snake Pit.
 16696 | Lair:5   | Entered Level 5 of the Lair of Beasts
 16735 | Lair:5   | Found a runed translucent door.
 16762 | Lair:5   | Found a viscous altar of Jiyva.
 16933 | Lair:5   | Reached skill level 5 in Invocations
 17072 | Lair:5   | Found a staircase to the Slime Pits.
 17150 | Lair:5   | Reached XP level 15. HP: 92/112 MP: 0/0
 17150 | Lair:5   | Learned a level 6 spell: Simulacrum
 17564 | Lair:5   | Reached skill level 10 in Stealth
 18795 | D:13     | Reached skill level 12 in Fighting
 19125 | D:14     | Reached skill level 10 in Dodging
 19165 | D:14     | Found a gate to the Vaults.
 19279 | D:14     | Identified the +2 leather armour "Qeetos" {Contam rCorr
                  | Str+9 Int+3}
 19307 | D:14     | Noticed Jorgrun
 19326 | D:14     | Killed Jorgrun
 19718 | D:14     | Noticed Agnes
 19720 | D:14     | Reached XP level 16. HP: 116/118 MP: 0/0
 19725 | D:14     | Killed Agnes
 20103 | D:15     | Entered Level 15 of the Dungeon
 20171 | D:15     | Reached skill level 1 in Evocations
 20933 | D:15     | Found Marghoil's Assorted Antiques.
 21265 | D:15     | Found a staircase to the Depths.
 21854 | Snake:1  | Entered Level 1 of the Snake Pit
 22754 | Snake:2  | Identified the +0 robe of Mumblety Peg {Dex+3 Archmagi}
 22928 | Snake:2  | Reached XP level 17. HP: 125/125 MP: 0/0
 22928 | Snake:2  | Learned a level 7 spell: Dragon Form
 23188 | Snake:2  | Identified the +5 morningstar "Ischic" {pain, Fragile rElec
                  | Will+ SInv}
 23240 | Snake:3  | Noticed Mlioglotl
 23247 | Snake:3  | Noticed a tentacled monstrosity
 23276 | Snake:3  | Killed from afar by a shock serpent

Illustrated notes

Levels and vault maps discovered:
D:1:      sevenhm_arrival_forest_fort_large_2, layout_rooms,
          shapermc_ecumenical_altar_petra, minmay_stone_trees_small,
          chequers_serial_rivers_micro_b, minmay_close_crescents
D:2:      layout_loops_ring, basic_altar, serial_shops, shop,
          due_unseen_surprise
D:3:      layout_basic, lightli_corner_chamber, uniq_grinder
D:4:      layout_rooms, hex_medium, uniq_robin
D:5:      layout_basic, nicolae_overflow_hallway_of_the_gods, serial_shops,
          nicolae_shop_crystal, hangedman_decor_slide_cut
D:6:      layout_cave_pods, minmay_temple_entry_antechambers,
          nicolae_concentric_dashed_squares_wild, hellmonk_bongcloud_opening,
          chequers_garden, serial_bayou_lake_a, uniq_maggie
D:7:      layout_basic, enter_bailey_5, reono_crystal_passage, uniq_pikel,
          uniq_crazy_yiuf_cottage
D:8:      layout_layer_cave, hangedman_decor_opposing
D:9:      layout_loops_ring, uniq_grum
D:10:     layout_gridville, kennysheep_little_box,
          fedhas_bush_and_centaur_altar, erik_lair_orcish_takeover,
          kennysheep_small_circle, uniq_lodul
D:11:     layout_loops_ring, david_orc_2, nicolae_hexahallways, tso_oasis_becter
D:12:     layout_roguey
D:13:     layout_long_grid
D:14:     layout_irregular_city, grunt_vaults_entry_tiered,
          chequers_serial_rivers_micro_d, minmay_liquid_box, uniq_agnes,
          uniq_jorgrun
D:15:     grunt_enter_depths_magical_seal, layout_basic, serial_shops,
          nicolae_lakefront_shop, minmay_misc_feat_chi,
          amcnicky_mini_rare_corridor_liquid, minmay_fractal_squares_diagonal_5
Lair:1:   layout_cave_pods, gammafunk_ghost_arena, infiniplex_staircase_pool_2,
          serial_bayou_shore_a, uniq_nergalle
Lair:2:   layout_long_grid, nicolae_shoals_entry_roost,
          guppyfry_snake_entry_garden, grunt_megastairs_2, uniq_erica
Lair:3:   layout_loops_ring, grunt_megastairs_3
Lair:4:   layout_regular_city
Lair:5:   gammafunk_lair_ancient_temple, layout_big_grid, slime_entry_2
Snake:1:  layout_grid_maze
Snake:2:  layout_onion, st_stairs_12
Snake:3:  layout_rooms, uniq_mlioglotl
Orc:1:    layout_diamond_mine, serial_shops, shop
Orc:2:    st_orc_mages, layout_caves, serial_shops, shop,
          gammafunk_ghost_abyssal_escape

Skill      XL: |  1  2  3  4  5  6  7  8  9 10 11 12 13 14 15 16 |
---------------+-------------------------------------------------+-----
Armour         | 1 2 3 4 5 6 7 8 9 |  9.7
Short Blades   | 3 4 5 6 7 8 9 |  9.3
Fighting       | 3 4 9 10 11 12 | 12.8
Dodging        | 4 5 6 7 8 9 10 11 | 11.1
Shields        | 1 2 3 4 5 6 7 8 9 |  9.5
Spellcasting   | 1 2 7 8 9 |  9.7
Stealth        | 2 3 4 5 7 8 9 10 11 | 11.2
Invocations    | 1 3 5 6 7 |  7.4
Evocations     | 3 |  3.4
Throwing       | |  1.6

Action                     |  1- 3 |  4- 6 |  7- 9 | 10-12 | 13-15 | 16-18 || total
---------------------------+-------+-------+-------+-------+-------+-------++-------
  Melee: Rapier            |   123 |    53 |       |       |       |       ||   176
         Punch             |     1 |       |       |       |       |       ||     1
         Dagger            |       |    66 |   138 |   563 |  1113 |   370 ||  2250
   Cast: Ensorcelled Hiber |       |       |     3 |     2 |     5 |     2 ||    12
         Anguish           |       |       |       |    23 |    17 |     4 ||    44
         Stone Arrow       |       |       |       |     1 |       |     5 ||     6
         Summon Forest     |       |       |       |       |    33 |     7 ||    40
 Invoke: Ancestor Identity |       |     1 |       |       |       |       ||     1
         Ancestor Life: He |       |       |     1 |       |       |       ||     1
         Transference      |       |       |       |     1 |       |       ||     1
         Recall Ancestor   |       |       |       |       |     4 |     1 ||     5
  Evoke: Wand              |       |       |     5 |    12 |     7 |     2 ||    26
    Use: Scroll            |       |       |    11 |     5 |     9 |     6 ||    31
         Potion            |       |       |     2 |       |    17 |     8 ||    27
   Stab: Distracted        |       |     2 |       |    13 |    26 |     6 ||    47
         Confused          |       |       |     2 |    16 |    34 |    19 ||    71
         Paralysed         |       |       |     1 |     5 |    16 |    18 ||    40
         Sleeping          |       |       |     1 |     4 |    13 |    11 ||    29
         Invisible         |       |       |       |       |    12 |       ||    12
         Petrified         |       |       |       |       |     7 |       ||     7
 Armour: Leather armour    |    23 |       |       |       |       |       ||    23
         Robe              |     1 |    22 |    29 |    34 |       |       ||    86
         Troll leather arm |       |       |       |    67 |   298 |   112 ||   477
  Dodge: Dodged            |    96 |    72 |    70 |   386 |   671 |   154 ||  1449
  Block: Buckler           |       |    25 |    31 |   142 |   272 |       ||   470
         Kite shield       |       |       |       |       |    25 |   200 ||   225

Table legend: (Time is in decaauts)
 A = Elapsed time spent in this place.
 B = Non-inter-level travel time spent in this place.
 C = Inter-level travel time spent in this place.
 D = Time resting spent in this place.
 E = Time spent auto-exploring this place.
 F = Levels seen in this place.
 G = Mean time per level.
                   A        B        C        D        E       F      G
               +--------+--------+--------+--------+--------+-----+--------+
         Total |  22614 |  21343 |   1271 |   2019 |  14860 |  26 |  869.8 |
       Dungeon |  14270 |  13454 |    816 |    963 |   9921 |  15 |  951.3 |
          Lair |   4656 |   4348 |    308 |    361 |   3018 |   5 |  931.2 |
     Snake Pit |   1352 |   1325 |     27 |      0 |   1012 |   3 |  450.7 |
  Orcish Mines |   1788 |   1669 |    119 |    397 |    771 |   2 |  894.0 |
        Bailey |    547 |    547 |      0 |    298 |    138 |   1 |  547.0 |
               +--------+--------+--------+--------+--------+-----+--------+

Top non-repeatable levels by time:
    D:15: 1544 daAuts
     D:7: 1193 daAuts
     D:8: 1168 daAuts
    D:11: 1093 daAuts
    D:10: 1071 daAuts
  Lair:4: 1057 daAuts
  Lair:2: 1007 daAuts
  Lair:1: 972 daAuts
  Lair:5: 971 daAuts
     D:3: 969 daAuts
     D:5: 963 daAuts
   Orc:1: 936 daAuts
     D:6: 929 daAuts
    D:14: 924 daAuts
     D:9: 913 daAuts
